 Dungeon Crawl Stone Soup version 0.26.1-11-gd32895ea62 (webtiles) character file.

Game seed: 17234698482172744273

48 Gwenloh the Digger (level 3, -2/26 HPs)
             Began as a Draconian Earth Elementalist on May 30, 2021.
             Slain by an orc wizard
             ... wielding a +0 dagger
              (5 damage)
             ... on level 1 of the Dungeon.
             The game lasted 00:04:45 (1540 turns).

Gwenloh the Digger (Draconian Earth Elementalist)   Turns: 1540, Time: 00:04:46

Health: -2/26      AC:  6    Str: 10    XL:     3   Next: 50%
Magic:  4/6        EV: 12    Int: 16    God:
Gold:   39         SH:  0    Dex: 11    Spells: 2/6 levels left

rFire    . . .     SeeInvis .   c - +0 short sword
rCold    . . .     Faith    .   (no shield)
rNeg     . . .     Spirit   .   (armour unavailable)
rPois    .         Reflect  .   (helmet restricted)
rElec    .         Harm     .   (no cloak)
rCorr    .         Rampage  .   a - +0 pair of gloves
Will     .....                  (no boots)
Stlth    +.........             (no amulet)
HPRegen  0.08/turn              (no ring)
MPRegen  0.10/turn              (no ring)

@: confused
A: unfitting armour, cold-blooded, AC +5
a: no special abilities


You were on level 1 of the Dungeon.
You visited 1 branch of the dungeon, and saw 2 of its levels.

You collected 39 gold pieces.

Inventory:

Hand Weapons
 c - a +0 short sword (weapon)
Missiles
 b - 27 stones
Armour
 a - a +0 pair of gloves (worn)
Scrolls
 d - 2 scrolls of identify {unknown}
 e - a scroll of magic mapping {unknown}
 f - 3 scrolls of remove curse {unknown}
 h - a scroll of enchant weapon {unknown}
 i - a scroll of teleportation {unknown}
Potions
 g - a potion of haste {unknown}


   Skills:
 - Level 1.7 Dodging
 - Level 1.7 Stealth
 - Level 2.0 Spellcasting
 + Level 0.6 Conjurations
 - Level 1.0 Transmutations
 * Level 4.4 Earth Magic


You had 2 spell levels left.
You knew the following spells:

 Your Spells              Type           Power        Failure   Level
a - Sandblast             Erth           30%          3%          1
b - Stone Arrow           Conj/Erth      18%          22%         3

Your spell library contained the following spells:

 Spells                   Type           Power        Failure   Level
 Passwall                 Tmut/Erth      8%           11%         2
 Petrify                  Tmut/Erth      10%          56%         4
 Lee's Rapid Deconstruct  Erth           7%           67%         5


Dungeon Overview and Level Annotations

Branches:
Dungeon (2/15)

Altars:


Innate Abilities, Weirdness & Mutations

Your plain brown scales are hard. (AC +5)
You cannot fit into any form of body armour.
You are cold-blooded and may be slowed by cold attacks.


Message History

You are confused.
You're too confused to cast spells.
You're too confused to cast spells.
Unknown command.
You're too confused to move!
The orc hits you but does no damage. Something hits you but does no damage.
The orc misses you.
You hear some strange, mumbled words.
You are more confused.
The orc hits you but does no damage.
You hear some strange, mumbled words.
A puff of flame appears from out of thin air!
The puff of flame misses you. The orc misses you.
You completely miss something.
Your tail-slap misses something.
The orc hits you but does no damage. Something hits you but does no damage.
You closely miss the orc.
The orc is almost dead.
The orc misses you. Something hits you.
You die...

### ########.# ##### ###.#
#........# #.... ....# #.######.#
#.### ###.# #.# #.# #.# ###.#
#.#### #.# #########.### ....#
#....# #.# #....#....... ....#
#....###.# #....#...####
....###........######....#.......
##....#........#@...#.......####.
.+....'........#{o..........# #.
##....#........#............####.
.........##....#.................
...............#..............##.
...............#).............##.
...............#..............##.
.†...............................
......................#..#)#.....


You could see an orc.

Vanquished Creatures
  A gnoll (D:1)
  2 oozes (D:1)
  A dart slug (D:1)
  3 bats (D:1)
  3 giant cockroaches (D:1)
  2 goblins (D:1)
  2 hobgoblins (D:1)
  3 jackals (D:1)
  4 kobolds (D:1)
  A ball python (D:1)
  4 rats (D:1)
26 creatures vanquished.

Vanquished Creatures (others)
  4 toadstools (D:1)
4 creatures vanquished.

Grand Total: 30 creatures vanquished

Notes
Turn   | Place    | Note
-------+----------+-------------------------------------------
     0 | D:1      | Gwenloh the Draconian Earth Elementalist began the quest
                  | for the Orb.
     0 | D:1      | Reached XP level 1. HP: 14/14 MP: 3/3
   149 | D:1      | Reached XP level 2. HP: 14/20 MP: 1/5
   686 | D:1      | Reached skill level 4 in Earth Magic
   952 | D:1      | Reached XP level 3. HP: 26/26 MP: 6/6
   976 | D:1      | Learned a level 3 spell: Stone Arrow
  1540 | D:1      | Slain by an orc wizard

Illustrated notes

Levels and vault maps discovered:
D:1:      ldierk_walled_garden_2, layout_basic
D:2:      layout_basic, minmay_pentomino_v4, uniq_jessica

Skill      XL: |  1  2 |
---------------+-------+-----
Earth Magic    | 4 |  4.4
Dodging        | |  1.7
Stealth        | |  1.7
Spellcasting   | |  2.0
Conjurations   | |  0.6
Transmutations | |  1.0

Action                   || total
-------------------------++-------
Melee: Unarmed           ||    14
       Tailslap          ||     9
       Short sword       ||    77
 Cast: Sandblast         ||    19
 Stab: Sleeping          ||     1
Armor: Skin              ||    39
Dodge: Dodged            ||    77
